Map: Frozen Temple

Players

scLoL - Winner!

  • Race: Protoss Protoss
  • League: Silver

Gracz

  • Race: Protoss Protoss
  • League: Silver

VOD

Have the link to the VOD?

Description

Time

  • Played on: Oct. 22, 2016, 8:44 a.m.
  • Length: 11:14
Show
View Real Time Build Order
Export as new Build Order

scLoL Protoss - Winner!

Build Orders: 1 Gate Expand 

Get SALT Encoding   

  12  0:01  Probe (Chrono Boost)  
  13  0:19  Probe (Chrono Boost)  
  14  0:23  Pylon  
  14  0:42  Probe (Chrono Boost)  
  15  0:43  Gateway  
  15  0:47  Assimilator  
  15  0:53  Probe (Chrono Boost)  
  16  1:05  Probe (Chrono Boost)  
  17  1:25  Unknown, Nexus  
  17  1:43  Cybernetics Core  
  17  1:44  Gateway  
  17  1:47  Gateway  
  17  1:50  Probe (Chrono Boost)  
  18  2:01  Probe (Chrono Boost)  
  19  2:03  Zealot  
  21  2:11  Assimilator  
  21  2:29  Warp Gate  
  21  2:46  Stalker  
  23  2:57  Pylon  
  23  3:03  Pylon  
  23  3:15  Stalker, Zealot  
  27  3:29  Probe (Chrono Boost)  
  28  3:37  Adept  
  31  3:41  Probe (Chrono Boost)  
  30  3:53  Probe (Chrono Boost)  
  31  4:00  Unknown, Nexus  
  31  4:02  Zealot x2  
  35  4:04  Zealot  
  35  4:07  Mothership Core (Chrono Boost)  
  35  4:09  Robotics Facility  
  39  4:17  Pylon  
  37  5:10  Warp Prism  
  37  5:11  Unknown  
  39  5:18  Probe (Chrono Boost)  
  39  5:20  Probe (Chrono Boost)  
  41  5:22  Pylon  
  41  5:29  Probe (Chrono Boost)  
  41  5:30  Twilight Council  
  41  5:32  Probe (Chrono Boost)  
  43  5:37  Stalker  
  43  5:39  Probe (Chrono Boost)  
  47  5:44  Probe (Chrono Boost)  
  48  5:50  Probe (Chrono Boost)  
  48  5:56  Probe (Chrono Boost)  
  49  6:00  Stalker  
  51  6:27  Dark Shrine  
  51  6:31  Blink  
  51  6:37  Forge  
  51  6:39  Forge  
  51  6:47  Stalker x2  
  51  6:48  Stalker  
  55  6:54  Immortal  
  55  7:18  Stalker  
  55  7:19  Stalker x2  
  59  7:29  Immortal  
  63  7:46  Dark Templar  
  65  7:55  Dark Templar  
  65  8:20  Immortal  
  69  8:33  Assimilator  
  69  8:38  Assimilator  
  69  8:50  Charge  
  69  9:25  Pylon  
  69  9:27  Pylon  
  69  9:29  Pylon  
  67  9:36  Pylon  
  67  9:39  Immortal  
  67  9:44  Pylon, Zealot x3  
  77  9:49  Pylon  
  77  9:55  Gateway  
  77  9:58  Gateway  
  77  9:59  Gateway  
  77  10:02  Gateway  
  77  10:13  Unknown, Nexus  
  77  10:16  Pylon  
  75  10:30  Sentry x2  
  75  10:33  Dark Templar  
Show
View Real Time Build Order
Export as new Build Order

Gracz Protoss 

Build Orders:  

Get SALT Encoding   

  12  0:03  Probe (Chrono Boost)  
  13  0:15  Pylon  
  13  0:27  Probe (Chrono Boost)  
  14  0:32  Assimilator  
  14  0:37  Gateway  
  14  0:41  Probe (Chrono Boost)  
  15  0:58  Probe (Chrono Boost)  
  16  1:09  Probe (Chrono Boost)  
  16  1:10  Gateway  
  17  1:19  Probe (Chrono Boost)  
  18  1:28  Cybernetics Core  
  18  1:34  Pylon  
  18  1:38  Probe (Chrono Boost)  
  19  1:48  Probe (Chrono Boost)  
  20  2:07  Unknown, Nexus  
  20  2:19  Assimilator, Mothership Core (Chrono Boost)  
  20  2:22  Warp Gate  
  22  2:37  Gateway  
  22  2:39  Probe (Chrono Boost)  
  23  2:51  Probe (Chrono Boost)  
  24  3:05  Stalker x2  
  28  3:12  Twilight Council  
  28  3:19  Unknown, Probe (Chrono Boost)  
  29  3:21  Probe (Chrono Boost)  
  29  3:24  Stalker  
  30  3:31  Probe (Chrono Boost)  
  30  3:33  Probe (Chrono Boost)  
  36  4:03  Probe (Chrono Boost)  
  36  4:04  Probe (Chrono Boost)  
  36  4:05  Blink  
  36  4:16  Probe (Chrono Boost)  
  37  4:18  Gateway  
  37  4:20  Forge, Gateway  
  30  5:17  Pylon  
  30  5:18  Probe x2 (Chrono Boost)  
  30  5:19  Protoss Ground Weapons Level 1  
  30  5:20  Pylon  
  32  5:24  Stalker x3  
  40  5:30  Probe x2 (Chrono Boost)  
  40  5:44  Stalker  
  40  5:45  Stalker  
  42  5:59  Stalker x2  
  42  6:00  Stalker, Probe (Chrono Boost)  
  42  6:01  Mothership Core (Chrono Boost)  
  49  6:20  Assimilator  
  49  6:22  Assimilator  
  49  6:32  Gateway  
  49  6:33  Gateway  
  49  6:36  Stargate, Stalker x3  
  55  6:49  Unknown, Nexus  
  55  7:02  Stalker x2  
  55  7:03  Stalker  
  59  7:30  Stalker  
  59  7:33  Pylon  
  61  7:41  Pylon  
  61  7:48  Pylon  
  61  7:50  Pylon x2  
  59  7:58  Oracle  
  59  8:01  Unknown  
  54  8:49  Photon Cannon  
  54  8:52  Photon Cannon  
  54  8:54  Photon Cannon  
  54  8:59  Stalker  
  54  9:00  Stalker  
  54  9:02  Pylon  
  55  9:03  Pylon  
  50  9:25  Photon Cannon  
  50  9:27  Photon Cannon  
  50  9:38  Photon Cannon  
  50  9:41  Photon Cannon  
  50  9:46  Photon Cannon  
  50  10:19  Photon Cannon  
  50  10:22  Pylon  
  50  10:26  Pylon, Probe (Chrono Boost)  
  51  10:32  Pylon  
  51  10:39  Probe (Chrono Boost)  
  51  10:40  Probe x2 (Chrono Boost)  
  51  10:42  Pylon  
  54  10:59  Pylon  
Tags
 
Add a new tag
Caveats
  • Supply blocks, unpowered buildings, or Contaminate may cause inaccurate times.
  • Supply counts are checked every 10 seconds.